AoeStats
← Cinnamoroll

Hill Fort

506055690Analyzed
4v4 RM · 20d ago on Sep 12, 2026· 48m 13s· 8 players
Game mode
Random Map
Map size
Large (8 player)
Population
200
Speed
Normal
Resources
Standard
Victory
Conquest
Starting age
Dark Age
Ending age
Imperial Age
RankedLock teamsTeams togetherTeam positionsShared explorationLock speedFull tech treeHidden civsTurbo modeCheats
Victory
Defeat
🇭🇰 Tupi · Hong Kong SAR China
1560
+16
🇨🇦 Byzantines · Canada
1552
+17
🇨🇳 Spanish · China
1543
+17
🇺🇸 Malay · United States
1542
+17
🇺🇸 Slavs · United States
1727
-24
🇺🇸 Georgians · United States
1554
-16
🇲🇽 Khmer · Mexico
1508
-14
🇲🇽 Spanish · Mexico
1484
-13
Cinnamoroll
8:59 Feudal Age
10:17 Loom
12:14 Double-Bit Axe
19:18 Castle Age
16:59 Horse Collar
17:16 Fishing Lines
17:57 Gold Mining
20:50 Bow Saw
22:29 Heavy Plow
23:06 Wheelbarrow
23:28 Gillnets
25:05 Gold Shaft Mining
25:14 Sanctity
25:37 Fervor
30:00 Hand Cart
30:07 Stone Mining
33:41 Imperial Age
30:44 Pikeman
31:25 Squires
32:24 Redemption
34:39 Block Printing
35:00 Theocracy
34:50 Illumination
33:47 Halberdier
35:00 Conscription
34:58 Scale Mail Armor
35:09 Forging
34:50 Fletching
36:08 Chain Mail Armor
37:04 Logistica
37:12 Bodkin Arrow
37:22 Scale Barding Armor
37:53 Iron Casting
38:31 Hoardings
37:58 Bracer
38:29 Plate Mail Armor
Freakcles
6:13 Loom
8:52 Feudal Age
13:24 Fletching
15:52 Double-Bit Axe
18:11 Horse Collar
20:14 Padded Archer Armor
23:43 Castle Age
23:16 Bodkin Arrow
22:54 Crossbowman
25:38 Gold Mining
26:26 Bow Saw
33:19 Wheelbarrow
32:48 Heavy Plow
37:36 Thumb Ring
37:50 Leather Archer Armor
40:12 Imperial Age
38:06 Ballistics
39:00 Arbalester
40:47 Chemistry
40:52 Squires
40:12 Pikeman
41:16 Hand Cart
41:35 Halberdier
你朋友
11:17 Feudal Age
15:50 Castle Age
14:00 Horse Collar
14:55 Double-Bit Axe
15:41 Gold Mining
16:08 Loom
17:39 Bow Saw
18:21 Town Watch
19:45 Fletching
20:46 Wheelbarrow
21:11 Padded Archer Armor
21:11 Bodkin Arrow
22:59 Ballistics
25:44 Leather Archer Armor
29:23 Hand Cart
33:18 Imperial Age
33:44 Town Patrol
34:00 Bracer
35:02 Chemistry
34:10 Curare
34:42 Hoardings
34:18 Stone Mining
34:29 Heavy Plow
36:22 Ring Archer Armor
35:41 Elite Blackwood Archer
37:59 Conscription
37:25 Capped Ram
38:55 Gold Shaft Mining
38:48 Treadmill Crane
38:55 Siege Ram
44:30 Caravan
45:00 Coinage
46:46 Caciques
48:14 Scale Mail Armor
48:24 Forging
47:47 Champi Runner
48:28 Squires
48:15 Arson
47:52 Elite Ibirapema Warrior
Hash-
11:44 Feudal Age
15:29 Castle Age
13:39 Double-Bit Axe
13:56 Horse Collar
16:29 Bow Saw
21:30 Wheelbarrow
26:03 Loom
30:15 Hand Cart
29:57 Gold Mining
29:58 Stone Mining
35:22 Imperial Age
33:19 Scale Barding Armor
33:25 Forging
34:08 Forging
34:21 Chain Barding Armor
34:44 Town Watch
35:42 Iron Casting
35:37 Cavalier
36:27 Bloodlines
36:18 Husbandry
37:11 Plate Barding Armor
36:59 Conscription
37:19 Paladin
41:52 Light Cavalry
42:56 Hussar
47:22 Blast Furnace
Shikamaru_
10:57 Feudal Age
12:20 Wheelbarrow
16:33 Castle Age
15:49 Double-Bit Axe
18:36 Bow Saw
19:36 Loom
28:36 Horse Collar
29:59 Town Watch
30:30 Hand Cart
34:19 Scale Barding Armor
34:25 Forging
34:12 Gold Mining
38:00 Imperial Age
36:59 Chain Barding Armor
37:15 Iron Casting
38:04 Heavy Plow
37:58 Stone Mining
39:26 Conscription
40:13 Blast Furnace
39:50 Plate Barding Armor
38:39 Elite Monaspa
41:28 Bloodlines
41:18 Husbandry
42:38 Crop Rotation
44:00 Blast Furnace
43:48 Aznauri Cavalry
45:41 Light Cavalry
47:45 Gambesons
48:02 Squires
47:22 Man-at-Arms
47:49 Arson
Ro0kiE_
10:35 Feudal Age
11:36 Loom
14:54 Castle Age
13:07 Horse Collar
14:06 Double-Bit Axe
15:58 Bow Saw
23:16 Padded Archer Armor
23:08 Fletching
25:12 Wheelbarrow
24:17 Demolition Ship
26:31 Town Watch
27:46 Hand Cart
30:55 Imperial Age
28:50 Forging
29:10 Stone Mining
29:10 Gold Mining
29:21 Heavy Plow
30:42 Gold Shaft Mining
30:43 Iron Casting
31:25 Scale Barding Armor
32:36 Crop Rotation
33:00 Conscription
33:24 Chain Barding Armor
34:51 Blast Furnace
33:59 Detinets
34:33 Bodkin Arrow
34:51 Clinker Construction
35:02 Ballistics
35:42 Chemistry
35:19 Medium Warships
34:54 Onager
36:25 Plate Barding Armor
36:27 Devotion
37:33 Two-Man Saw
37:25 Heavy Warships
37:07 Elite Boyar
40:07 Hoardings
40:07 Bloodlines
39:57 Husbandry
42:24 Masonry
42:19 Siege Engineers
42:51 Capped Ram
44:03 Siege Ram
Duaaa
11:54 Feudal Age
11:19 Loom
16:02 Castle Age
15:39 Double-Bit Axe
15:35 Horse Collar
16:57 Bow Saw
38:11 Wheelbarrow
40:50 Imperial Age
41:07 Hand Cart
41:10 Onager
42:36 Conscription
42:44 Conscription
43:17 Fletching
43:28 Padded Archer Armor
44:22 Bodkin Arrow
44:49 Ballistics
45:30 Chemistry
45:38 Bracer
45:54 Leather Archer Armor
45:27 Elite Skirmisher
46:13 Thumb Ring
47:35 Masonry
Walmart
9:41 Feudal Age
16:23 Castle Age
14:43 Stone Mining
14:52 Double-Bit Axe
15:23 Gold Mining
16:12 Loom
17:03 Wheelbarrow
17:52 Bow Saw
25:59 Scale Barding Armor
26:02 Horse Collar
37:10 Devotion
37:38 Chain Barding Armor
38:34 Forging
44:20 Imperial Age
42:33 Bloodlines
42:24 Husbandry
Connection lost

Rejoining the realm…

Still unreachable

The connection could not be restored.

Session expired

The server has moved on; the page needs a fresh start.